 Dungeon Crawl Stone Soup version 0.29.0-4-gdea44cf6ec (webtiles) character file.

Game seed: 3900170628373759391

7 qw the Chopper (level 2, -3/17 HPs)
             Began as a Tengu Warper on Aug 28, 2022.
             Frozen to death by an endoplasm (5 damage)
             ... on level 1 of the Dungeon.
             The game lasted 00:00:00 (66 turns).

qw the Chopper (Tengu Warper)                         Turns: 66, Time: 00:00:00

Health: -3/17      AC:  3    Str: 11    XL:     2   Next: 0%
Magic:  6/6        EV: 11    Int: 13    God:
Gold:   0          SH:  0    Dex: 13    Spells: 5/5 levels left

rFire   . . .      SeeInvis .   a - +0 hand axe
rCold   . . .      Faith    .   (no shield)
rNeg    . . .      Spirit   .   b - +0 leather armour
rPois   .          Reflect  .   (helmet restricted)
rElec   .          Harm     .   (no cloak)
rCorr   .          Rampage  .   (no gloves)
Will    .....                   (boots unavailable)
Stlth   +.........              (no amulet)
HPRegen 0.05/turn               (no ring)
MPRegen 0.10/turn               (no ring)

@: no status effects
A: beak, talons 3
a: no special abilities


You were on level 1 of the Dungeon.
You visited 1 branch of the dungeon, and saw 1 of its levels.


Innate Abilities, Weirdness & Mutations

You have a beak for a mouth.
You have claws for feet.


   Skills:
 - Level 2.0 Fighting
 + Level 2.9 Axes
 - Level 1.0 Throwing
 - Level 1.1 Armour
 - Level 2.1 Dodging
 - Level 2.0 Spellcasting
 - Level 2.4 Translocations


You had 5 spell levels left.
You didn't know any spells.
Your spell library contained the following spells:

 Spells                   Type           Power      Damage    Failure   Level
 Blink                    Tloc           14%        N/A       19%         2
 Gell's Gravitas          Tloc           7%         N/A       36%         3
 Lesser Beckoning         Tloc           7%         N/A       36%         3
 Teleport Other           Tloc           7%         N/A       36%         3
 Manifold Assault         Tloc           7%         N/A       98%         5

Inventory:

Hand Weapons
 a - a +0 hand axe (weapon)
Armour
 b - a +0 leather armour (worn)
Scrolls
 c - a scroll of blinking

Dungeon Overview and Level Annotations

Branches:
Dungeon (1/15)

Altars:


Message History

The boomerang of dispersal hits the endoplasm.
The endoplasm blinks!
A goblin comes into view. It is wielding a +0 spear.
A jackal comes into view.
Found a club.
The goblin shouts!
The jackal barks!
You hear an angry hiss.
A quokka comes into view.
You hit the giant cockroach. You claw the giant cockroach.
You kill the giant cockroach!
The goblin hits you from afar with a +0 spear.
The goblin closely misses you. The jackal closely misses you.
The jackal bites you. The goblin barely misses you.
You barely miss the jackal. You closely miss the goblin.
The jackal closely misses you.
A ball python comes into view.
The goblin closely misses you.
The jackal bites you but does no damage.
You hit the jackal. You claw the jackal, but do no damage.
The jackal is severely wounded.
You hit the goblin.
You kill the goblin!
The jackal misses you. The ball python bites you. The ball python grabs you.
The ball python constricts you.
You hit the ball python.
You kill the ball python!
You hit the jackal. You closely miss the quokka.
The jackal bites you but does no damage.
The quokka closely misses you. The jackal bites you. The quokka bites you.
You hit the jackal.
You kill the jackal!
You hit the quokka. The quokka closely misses you.
You have reached level 2!
You barely miss the quokka. Your kick misses the quokka. You peck the quokka.
You kill the quokka!
You hit the endoplasm. The endoplasm freezes you.
You are frozen.
You die...

#[####
#.###.#.....#.#
.....##.....#.......#
#....#####.#.#.###
####.................
#......######.#.#>.##
#.###..# #.#.#<.# #
##..######.#.##.#
#..........#.##.#
#@%..#######....#
#...J)#..# ######
##)#[##..# .. ## ...#
#.# ..# # ..# ..#


You could see an endoplasm.

Vanquished Creatures
  A giant cockroach (D:1)
  A goblin (D:1)
  A hobgoblin (D:1)
  A jackal (D:1)
  A quokka (D:1)
  A ball python (D:1)
  A rat (D:1)
7 creatures vanquished.

Notes
Turn   | Place    | Note
-------+----------+-------------------------------------------
     0 | D:1      | qw the Tengu Warper began the quest for the Orb.
     0 | D:1      | Reached XP level 1. HP: 12/12 MP: 4/4
     0 | D:1      | 0 ||| qw: Version: 0.1-a-89-g26bdef1
     0 | D:1      | 0 ||| qw: Game counter: 298
     0 | D:1      | 0 ||| qw: Always use a shield: true
     0 | D:1      | 0 ||| qw: God list: Okawaru
     0 | D:1      | 0 ||| qw: Allow faded altars: false
     0 | D:1      | 0 ||| qw: Do Orc after D:15 true
     0 | D:1      | 0 ||| qw: Do second Lair branch before Depths: true
     0 | D:1      | 0 ||| qw: Lair rune preference: random
     0 | D:1      | 0 ||| qw: Plans: Normal
     0 | D:1      | 0 ||| PLANNING D:1-11
    64 | D:1      | HP: 3/12 [jackal (2)]
    64 | D:1      | HP: 1/12 [quokka (2)]
    66 | D:1      | Reached XP level 2. HP: 2/17 MP: 6/6
    66 | D:1      | Frozen to death by an endoplasm

Levels and vault maps discovered:
D:1:      dpeg_arrival_tiny_a, layout_basic, minmay_tall_x

Action                   || total
-------------------------++-------
Melee: Hand axe          ||     8
       Kick              ||     2
       Peck              ||     1
Throw: Boomerang         ||     7
Armor: Leather armour    ||     2
Dodge: Dodged            ||     9

Table legend:
 A = Non-vault XP
 B = Vault XP
 C = Vault XP percentage of total XP
 D = Non-vault monster count
 E = Vault monster count
 F = Vault count percentage of total count
                 A         B        C        D         E       F
            +---------+---------+-------+---------+---------+-------
      Total |       5 |       7 |  58.3 |       3 |       4 |  57.1
            +---------+---------+-------+---------+---------+-------
        D:1 |       5 |       7 |  58.3 |       3 |       4 |  57.1
            +---------+---------+-------+---------+---------+-------
